 Dungeon Crawl Stone Soup version 0.29-a0-582-ge82337ba6a (webtiles) character file.

Game seed: 15749885354174241668

137 bande the Covered (level 5, -6/33 HPs)
             Began as a Gargoyle Fighter on June 15, 2022.
             Mangled by an ogre
             ... wielding a +0 giant club
              (15 damage)
             ... on level 3 of the Dungeon.
             The game lasted 00:03:49 (2975 turns).

bande the Covered (Gargoyle Fighter)                Turns: 2975, Time: 00:03:50

Health: -6/33      AC: 17    Str: 20    XL:     5   Next: 20%
Magic:  5/5        EV:  5    Int:  8    God:
Gold:   178        SH:  4    Dex: 11    Spells: 4/4 levels left

rFire   . . .      SeeInvis .   a - +1 war axe
rCold   . . .      Faith    .   c - +0 buckler
rNeg    + . .      Spirit   .   j - +0 plate armour
rPois   ∞          Reflect  .   i - +0 helmet
rElec   +          Harm     .   (no cloak)
rCorr   .          Rampage  .   (no gloves)
Will    .....                   (no boots)
Stlth   ..........              (no amulet)
HPRegen 0.11/turn               (no ring)
MPRegen 0.09/turn               (no ring)

@: no status effects
A: sickness immunity, AC +4, negative energy resistance 1, electricity
resistance, torment resistance 1, petrification resistance
a: no special abilities


You were on level 3 of the Dungeon.
You visited 1 branch of the dungeon, and saw 3 of its levels.

You collected 178 gold pieces.

Inventory:

Hand Weapons
 a - a +1 war axe (weapon)
 h - a +0 flail
Armour
 c - a +0 buckler (worn)
 i - a +0 helmet (worn)
 j - a +0 plate armour (worn)
Wands
 b - a wand of acid (11)
Scrolls
 e - 3 scrolls of identify
 f - a scroll of blinking
 g - a scroll of teleportation
Potions
 d - a potion of might


   Skills:
 + Level 4.0 Fighting
 + Level 3.4 Axes
 + Level 4.1 Armour
 + Level 3.6 Shields
 * Level 0.3 Evocations


You had 4 spell levels left.
You didn't know any spells.
Your spell library contained the following spells:

 Spells                   Type           Power      Damage    Failure   Level
 Blade Hands              Tmut           0%         N/A       100%        5
 Irradiate                Conj/Tmut      0%         3d13      100%        5
 Dragon Form              Tmut           0%         N/A       100%        7


Dungeon Overview and Level Annotations

Branches:
Dungeon (3/15)

Altars:


Innate Abilities, Weirdness & Mutations

You are immune to sickness and miasma.
Your stone body is resilient. (AC +4)
You are immune to poison.
You resist negative energy. (rN+)
You are resistant to electric shocks. (rElec)
You are resistant to unholy torment.
You are immune to petrification.


Message History

You kill the goblin!
A bat comes into view.
The ogre closely misses you.
You barely miss the ogre. You hit the ogre but do no damage.
The bat hits you but does no damage. The ogre hits you with a +0 giant club.
The bat hits you but does no damage.
You hit the ogre.
The ogre is lightly wounded.
You hit the bat. You block the bat's attack.
The ogre hits you with a +0 giant club!
* * * LOW HITPOINT WARNING * * *
You are too injured to fight recklessly!
You are too injured to fight recklessly!
You are too injured to fight recklessly!
You are too injured to fight recklessly!
You are too injured to fight recklessly!
You are too injured to fight recklessly!
You are too injured to fight recklessly!
You are too injured to fight recklessly!
You are too injured to fight recklessly!
Unknown command.
You barely miss the ogre.
The ogre is lightly wounded.
You barely miss the hobgoblin. The bat hits you but does no damage.
The hobgoblin barely misses you. You block the ogre's attack.
You barely miss the ogre.
The ogre is lightly wounded.
You slash the hobgoblin!
You kill the hobgoblin!
You block the bat's attack. The bat closely misses you.
The ogre barely misses you.
You barely miss the ogre.
The ogre is lightly wounded.
The bat hits you but does no damage. The bat barely misses you.
The ogre hits you but does no damage.
You barely miss the ogre.
The ogre is lightly wounded.
You hit the bat. The bat hits you but does no damage.
The ogre hits you with a +0 giant club!
You die...

*,*,*** *,***,,,,,** ********,**
*,*,*,**#.##.......##*,,,,,,,,,*
*^*,,,,*#.#.........##.*,,,,,,,,
*,*,,,,,,.'.........'.,,,,,,,,,,
*,,,,,,,,,#.........#*,*,,,**,,*
*****,*****#.......#**,**,,,,,,*
*,* *#..b..#* *,**,,***,* *,*
*#)O.#* *,**,,***,* ***,* *#@#*
*,,,,,,,,,, *,,,* #.#
*****,***** *,*** #(# *,* *,*
##.## *,* *,* ##...## *,* *,*
#.....# *,* *,* **######...##
*,* *,***,........########**,*
*,,,,,#######.........,,,*


You could see an ogre and a bat.

Vanquished Creatures
  7 adders
  4 worms
  A dart slug (D:3)
  6 endoplasms
  3 giant cockroaches
  3 goblins
  11 hobgoblins
  2 kobolds
  2 quokkas
  6 ball pythons (D:1)
  4 bats
  6 frilled lizards
  7 rats
62 creatures vanquished.

Notes
Turn   | Place    | Note
-------+----------+-------------------------------------------
     0 | D:1      | bande the Gargoyle Fighter began the quest for the Orb.
     0 | D:1      | Reached XP level 1. HP: 14/14 MP: 1/1
   284 | D:1      | Reached XP level 2. HP: 20/20 MP: 2/2
   725 | D:1      | Reached XP level 3. HP: 24/24 MP: 3/3
   993 | D:2      | Reached XP level 4. HP: 7/29 MP: 4/4
  2655 | D:3      | Reached XP level 5. HP: 33/33 MP: 5/5
  2965 | D:3      | Noticed an ogre
  2975 | D:3      | Mangled by an ogre

Illustrated notes

Levels and vault maps discovered:
D:1:      wheals_arrival_shading, layout_loops_cross
D:2:      layout_basic
D:3:      layout_loops_corners, dilly_ecumenical_altar_fadedgnrine

Skill      XL: |  1  2  3  4 |
---------------+-------------+-----
Axes           | 2 3 |  3.4
Fighting       | 4 |  4.0
Armour         | 4 |  4.1
Shields        | |  3.6
Evocations     | |  0.3

Action                   |  1- 3 |  4- 6 || total
-------------------------+-------+-------++-------
Melee: War axe           |    74 |    88 ||   162
  Use: Scroll            |       |     6 ||     6
Armor: Scale mail        |    46 |     9 ||    55
       Plate armour      |       |    61 ||    61
Dodge: Dodged            |    41 |    28 ||    69
Block: Buckler           |    22 |    20 ||    42

Table legend: (Time is in decaauts)
 A = Elapsed time spent in this place.
 B = Non-inter-level travel time spent in this place.
 C = Inter-level travel time spent in this place.
 D = Time resting spent in this place.
 E = Time spent auto-exploring this place.
 F = Levels seen in this place.
 G = Mean time per level.
                   A        B        C        D        E       F      G
               +--------+--------+--------+--------+--------+-----+--------+
         Total |   3040 |   3028 |     12 |    849 |   1700 |   3 | 1013.3 |
       Dungeon |   3040 |   3028 |     12 |    849 |   1700 |   3 | 1013.3 |
               +--------+--------+--------+--------+--------+-----+--------+

Top non-repeatable levels by time:
     D:2: 1543 daAuts
     D:1: 928 daAuts
     D:3: 568 daAuts
